[Event "Titled Tuesday Blitz May 2 Late 2023"]
[White "Mekhitarian, Krikor Sevag"]
[Black "Aggelis, Nikolaos"]
[WhiteFideId "2107660"]
[BlackFideId "4213220"]
[WhiteElo "2604"]
[BlackElo "2189"]
[Result "1-0"]
[Round "04"]
[TimeControl "180+2"]
[Date "2023.05.02"]
[WhiteClock "0:00:59"]
[BlackClock "0:00:35"]

1. Nf3 d5 2. c4 d4 3. b4 a5 4. b5 g6 5. g3 Bg7 6. d3 Nf6 7. Bg2 O-O 8. O-O Re8 9. a4 e5 10. Ba3 Nfd7 11. Nbd2 Bf8 12. Qc1 Bxa3 13. Qxa3 Qe7 14. Qxe7 Rxe7 15. Nb3 c5 16. e3 dxe3 17. fxe3 Ra7 18. Ng5 Kg7 19. Ne4 f5 20. Nd6 Nb6 21. Nxc5 N8d7 22. Nxc8 Nxc8 23. Nxb7 e4 24. Nd8 Re8 25. Nc6 Rc7 26. d4 Ncb6 27. Rfc1 Rec8 28. Bf1 Kf6 29. Kf2 Nb8 30. Nxb8 Rxb8 31. c5 Nd5 32. Bc4 Nb4 33. Ke2 Ke7 34. Kd2 Rd8 35. Kc3 Rdc8 36. Rab1 Ra7 37. Rxb4 axb4+ 38. Kxb4 Rca8 39. Bb3 g5 40. b6 Ra5 41. b7 1-0


[Site "https://www.chess.com"]

[Event "Titled Tuesday Blitz May 2 Late 2023"]
[White "Bakalchuk, Johnatan"]
[Black "Kleiman, Jake"]
[WhiteFideId "2810301"]
[BlackFideId "2020041"]
[WhiteElo "2450"]
[BlackElo "2399"]
[Result "0-1"]
[Round "04"]
[TimeControl "180+2"]
[Date "2023.05.02"]
[WhiteClock "0:00:13"]
[BlackClock "0:00:18"]

1. e4 e5 2. Nc3 Nf6 3. f4 d5 4. fxe5 Nxe4 5. Nf3 Nc6 6. Bb5 Bg4 7. Qe2 Ng5 8. d4 Nxf3+ 9. gxf3 Bf5 10. Be3 Qd7 11. O-O-O a6 12. Ba4 Bb4 13. Rhg1 Bxc3 14. bxc3 b5 15. Bb3 g6 16. Bg5 Nd8 17. h4 h5 18. Bf6 Rg8 19. f4 Ne6 20. Rdf1 a5 21. a3 Qc6 22. Kb2 Kd7 23. Qf3 Be4 24. Qh3 b4 25. cxb4 axb4 26. axb4 Rgb8 27. f5 gxf5 28. Rxf5 Rxb4 29. Rxh5 Qxc2# 0-1


[Site "https://www.chess.com"]

[Event "Titled Tuesday Blitz May 2 Late 2023"]
[White "Wieczorek, Zbigniew"]
[Black "Kosakowski, Jakub"]
[WhiteFideId "1102001"]
[BlackFideId "1185080"]
[WhiteElo "2150"]
[BlackElo "2488"]
[Result "0-1"]
[Round "04"]
[TimeControl "180+2"]
[Date "2023.05.02"]
[WhiteClock "0:00:03"]
[BlackClock "0:01:08"]

1. Nf3 d5 2. g3 Nd7 3. d4 Nb6 4. Bg2 Bf5 5. Nc3 e6 6. O-O h6 7. Ne5 Nf6 8. b3 Be7 9. Bb2 O-O 10. a4 a5 11. Rc1 Bh7 12. Re1 Rc8 13. e4 Bb4 14. exd5 exd5 15. Re2 Re8 16. Na2 Bf8 17. Bc3 Ra8 18. Qe1 Nc8 19. Bxa5 Nd6 20. Bd2 Nde4 21. Be3 Bd6 22. f3 Ng5 23. h4 Ne6 24. c3 c5 25. Rd1 cxd4 26. cxd4 Qb6 27. Qc3 Rac8 28. Qb2 Re7 29. Rde1 Rec7 30. Bf2 Rc2 31. Rxc2 Rxc2 32. Qb1 Rxf2 33. Kxf2 Bxb1 0-1


[Site "https://www.chess.com"]

[Event "Titled Tuesday Blitz May 2 Late 2023"]
[White "Ter-Sahakyan, Samvel"]
[Black "Adewumi, Tanitoluwa"]
[WhiteFideId "13302531"]
[BlackFideId "30966396"]
[WhiteElo "2566"]
[BlackElo "2283"]
[Result "1-0"]
[Round "04"]
[TimeControl "180+2"]
[Date "2023.05.02"]
[WhiteClock "0:01:13"]
[BlackClock "0:00:01"]

1. d4 Nf6 2. Nf3 e6 3. c4 b6 4. g3 Ba6 5. b3 Bb4+ 6. Bd2 Be7 7. Nc3 c6 8. e4 d5 9. Bd3 dxe4 10. Nxe4 O-O 11. Qe2 Bb7 12. O-O-O c5 13. dxc5 bxc5 14. Bc3 Nxe4 15. Bxe4 Qb6 16. h4 a5 17. Bxh7+ Kxh7 18. Ng5+ Kh6 19. Qe3 Kh5 20. g4+ Kxg4 21. Rdg1+ Kh5 22. Ne4 g6 23. Rg5+ Kh6 24. h5 Bxe4 25. Rxg6+ 1-0


[Site "https://www.chess.com"]

[Event "Titled Tuesday Blitz May 2 Late 2023"]
[White "Yoo, Christopher Woojin"]
[Black "Poltorak, Sebastian"]
[WhiteFideId "30909694"]
[BlackFideId "1199498"]
[WhiteElo "2519"]
[BlackElo "2195"]
[Result "1-0"]
[Round "04"]
[TimeControl "180+2"]
[Date "2023.05.02"]
[WhiteClock "0:00:13"]
[BlackClock "0:00:15"]

1. g3 c5 2. Bg2 Nc6 3. Nf3 d5 4. O-O e5 5. d3 f6 6. c4 d4 7. e3 Bd6 8. exd4 cxd4 9. Na3 a6 10. Nc2 Nge7 11. b4 O-O 12. Rb1 Bg4 13. h3 Bh5 14. g4 Bg6 15. Nh4 Bf7 16. a4 g5 17. Nf3 b5 18. axb5 axb5 19. cxb5 Na7 20. Na3 Rb8 21. h4 h6 22. hxg5 hxg5 23. b6 Rxb6 24. Bd2 Nd5 25. Nc4 Rb8 26. Qa4 Nb5 27. Nxd6 Qxd6 28. Rbe1 Nbc3 29. Qa1 Rxb4 30. Qa3 Rfb8 31. Nh2 Qd7 32. Ra1 Ne2+ 33. Kh1 Nef4 34. Bxb4 Rxb4 35. Be4 Kg7 36. Qa8 Nc7 37. Qa7 Bd5 38. Rfc1 Bxe4+ 39. dxe4 Nfe6 40. Ra6 d3 41. Rxe6 d2 42. Rxc7 d1=Q+ 43. Kg2 Rd4 44. Rxd7+ Rxd7 45. Re7+ Rxe7 46. Qxe7+ Kg6 47. Qe6 Qd3 48. Qf5+ Kg7 49. Nf1 Qd1 50. Ng3 Qd6 51. Nh5+ Kf7 52. Qh7+ Kf8 53. Qg7+ 1-0


[Site "https://www.chess.com"]

[Event "Titled Tuesday Blitz May 2 Late 2023"]
[White "Bachmann, Axel"]
[Black "Jovic, Stanoje"]
[WhiteFideId "3700488"]
[BlackFideId "905020"]
[WhiteElo "2605"]
[BlackElo "2236"]
[Result "1-0"]
[Round "04"]
[TimeControl "180+2"]
[Date "2023.05.02"]
[WhiteClock "0:00:41"]
[BlackClock "0:00:02"]

1. Nf3 Nf6 2. c4 c5 3. Nc3 Nc6 4. g3 g6 5. Bg2 Bg7 6. O-O O-O 7. d4 cxd4 8. Nxd4 Nxd4 9. Qxd4 d6 10. b3 a6 11. Qd2 Qc7 12. Bb2 Be6 13. Rac1 Rac8 14. e4 Qa5 15. Rfd1 Rfd8 16. h3 b5 17. cxb5 axb5 18. a3 Bxb3 19. Re1 Nd7 20. Qe3 Ne5 21. Ba1 Nc4 22. Qg5 Bf6 23. Qxb5 Qxa3 24. Nd5 Rb8 25. Nxf6+ exf6 26. Qc6 Ne5 27. Qc3 Qb4 28. Qe3 Qb6 29. Qf4 Kg7 30. Rb1 Qa5 31. Qh4 g5 32. Qh5 Bc2 33. Rbc1 Nd3 34. h4 h6 35. Bh3 Nxe1 36. Bf5 Nf3+ 37. Qxf3 Rb1 38. Rxb1 Bxb1 39. Bc3 Qa2 40. hxg5 hxg5 41. Qh5 Qc2 42. Qh7+ Kf8 43. Bxf6 1-0


[Site "https://www.chess.com"]

[Event "Titled Tuesday Blitz May 2 Late 2023"]
[White "Ballester Llagaria, Luis Eduardo"]
[Black "Ivic, Velimir"]
[WhiteFideId "2297620"]
[BlackFideId "950122"]
[WhiteElo "2344"]
[BlackElo "2563"]
[Result "1/2-1/2"]
[Round "04"]
[TimeControl "180+2"]
[Date "2023.05.02"]
[WhiteClock "0:00:05"]
[BlackClock "0:00:07"]

1. e4 e6 2. d4 d5 3. Nd2 c5 4. Ngf3 Be7 5. c3 Nc6 6. Bd3 cxd4 7. cxd4 dxe4 8. Nxe4 Nf6 9. Nc3 O-O 10. O-O h6 11. a3 b6 12. Bc2 Ba6 13. Re1 Rc8 14. Bf4 Re8 15. Qd2 Bf8 16. Rad1 Nd5 17. Nxd5 Qxd5 18. Be4 Qa5 19. b4 Qh5 20. d5 exd5 21. Qxd5 Qxd5 22. Bxd5 Rxe1+ 23. Rxe1 Ne7 24. Be4 Rc3 25. a4 Bd3 26. Bxd3 Rxd3 27. b5 Ra3 28. Bd6 Rxa4 29. Bxe7 Bxe7 30. Rxe7 Ra1+ 31. Re1 Ra2 32. Re7 Kf8 33. Re1 Ra4 34. g3 Rb4 35. Ra1 Rxb5 36. Rxa7 g5 37. h3 Kg7 38. Kg2 Kg6 39. g4 h5 40. Rc7 hxg4 41. hxg4 Rb4 42. Kg3 f6 43. Rc6 b5 44. Ne5+ Kg7 45. Rc7+ Kg8 46. Nc6 Rf4 47. f3 Kf8 48. Rb7 Rc4 49. Rb6 Ke8 50. Na5 b4 51. Rxf6 Rc5 52. Nb3 Rc3 53. Nd4 Rc4 54. Rd6 Rc3 55. Rb6 Rc4 56. Nf5 Kd7 57. Kf2 Kc7 58. Rb5 Kc6 59. Rb8 Kc7 60. Ra8 b3 61. Ra1 Rc2+ 62. Ke3 Rc3+ 63. Ke2 Kc6 64. Rb1 Kd5 65. Ne3+ Kd4 66. Nd1 Rc2+ 67. Ke1 Ke5 68. Rxb3 Kf4 69. Kf1 Kg3 70. Re3 Rd2 71. Re1 Rh2 72. Kg1 Rg2+ 73. Kh1 Rh2+ 74. Kg1 Rg2+ 75. Kf1 Rh2 76. Kg1 1/2-1/2


[Site "https://www.chess.com"]

[Event "Titled Tuesday Blitz May 2 Late 2023"]
[White "Maksimovic, Bojan"]
[Black "Spitzl, Vinzent"]
[WhiteFideId "14408120"]
[BlackFideId "12901253"]
[WhiteElo "2468"]
[BlackElo "2225"]
[Result "1-0"]
[Round "04"]
[TimeControl "180+2"]
[Date "2023.05.02"]
[WhiteClock "0:00:04"]
[BlackClock "0:00:02"]

1. Nf3 d5 2. g3 Nf6 3. Bg2 e6 4. O-O Be7 5. d3 O-O 6. Nbd2 a5 7. a4 Nc6 8. Re1 e5 9. e4 dxe4 10. dxe4 b6 11. c3 Ba6 12. Bf1 Bxf1 13. Rxf1 Bc5 14. Qe2 Qe7 15. Nb3 Bd6 16. Bg5 h6 17. Bxf6 Qxf6 18. Nfd2 Rfd8 19. Nc4 Qe7 20. Rad1 Qe6 21. Kg2 Be7 22. Ncd2 Bd6 23. Qc4 Qe8 24. Rfe1 Ne7 25. Nf1 c6 26. Ra1 Rab8 27. Qe2 Bc7 28. Ne3 Qd7 29. Red1 Qe6 30. Qc4 Qxc4 31. Nxc4 f6 32. h4 Kf7 33. h5 Ke6 34. Kf3 Rxd1 35. Rxd1 Rd8 36. Ra1 Nc8 37. Ke2 Nd6 38. Nxd6 Bxd6 39. Nd2 Bc7 40. Nc4 Rd7 41. Ke3 Rd8 42. f4 Rd7 43. b3 Rd8 44. Nb2 b5 45. Nd3 Bb6+ 46. Ke2 Rd7 47. fxe5 fxe5 48. Rf1 Rd8 49. Rf5 Bc7 50. Nc5+ Ke7 51. g4 Bd6 52. Nb7 Rd7 53. Nxa5 Rc7 54. Kd3 Ke6 55. axb5 cxb5 56. b4 Rd7 57. Kc2 Rc7 58. Kb2 Be7 59. Nb3 Bd6 60. Rf3 Be7 61. Rf1 Rc4 62. Re1 Rc7 63. Nd2 Rd7 64. Nb1 Rd2+ 65. Nxd2 1-0


[Site "https://www.chess.com"]

[Event "Titled Tuesday Blitz May 2 Late 2023"]
[White "Melikyan, Gnel"]
[Black "Djordjevic, Vuk"]
[WhiteFideId "54109990"]
[BlackFideId "902098"]
[WhiteElo "2138"]
[BlackElo "2452"]
[Result "0-1"]
[Round "04"]
[TimeControl "180+2"]
[Date "2023.05.02"]
[WhiteClock "0:00:11"]
[BlackClock "0:00:58"]

1. d4 Nf6 2. c4 e6 3. Nc3 Bb4 4. f3 d5 5. a3 Bxc3+ 6. bxc3 O-O 7. e3 c5 8. Kf2 Nc6 9. a4 Re8 10. Ba3 cxd4 11. cxd4 b6 12. c5 e5 13. Bb5 Bd7 14. Ne2 Na5 15. dxe5 Rxe5 16. Bb2 Rh5 17. Bxf6 gxf6 18. Nf4 Re5 19. Qd4 Nb3 20. Qd3 Nxa1 21. Rxa1 bxc5 22. Rd1 Bxb5 23. axb5 d4 24. exd4 Qxd4+ 25. Qxd4 cxd4 26. Rxd4 Rxb5 27. Nd5 Rb2+ 28. Kg3 a5 29. Nxf6+ Kg7 30. Nh5+ Kf8 31. Nf6 Rb5 32. Ra4 h6 33. Ne4 Rb4 34. Ra1 a4 35. Nc3 a3 36. Nb1 a2 37. Nc3 Ra3 38. Nxa2 Rba4 39. Rc1 Rxa2 40. Rc8+ Kg7 41. Rc1 Rb2 42. Rg1 Raa2 43. Kh3 h5 44. Kg3 h4+ 45. Kh3 Rf2 0-1


[Site "https://www.chess.com"]

[Event "Titled Tuesday Blitz May 2 Late 2023"]
[White "Kobo, Ori"]
[Black "Hnydiuk, Aleksander"]
[WhiteFideId "2812320"]
[BlackFideId "1109057"]
[WhiteElo "2447"]
[BlackElo "2374"]
[Result "1-0"]
[Round "04"]
[TimeControl "180+2"]
[Date "2023.05.02"]
[WhiteClock "0:00:05"]
[BlackClock "0:00:02"]

1. e4 Nf6 2. e5 Nd5 3. d4 d6 4. c4 Nb6 5. f4 dxe5 6. fxe5 Nc6 7. Be3 Bf5 8. Nc3 e6 9. Nf3 Be7 10. Be2 O-O 11. O-O f6 12. exf6 Bxf6 13. Qd2 Qe8 14. Rad1 Rd8 15. Qc1 h6 16. Kh1 Kh8 17. b3 Qg6 18. Rd2 Rd7 19. Qe1 Rfd8 20. Nh4 Qh7 21. Nxf5 exf5 22. Nb5 a6 23. d5 axb5 24. dxc6 Rxd2 25. Bxd2 bxc6 26. cxb5 cxb5 27. Bxb5 Nd5 28. Bc4 g6 29. Qe6 Qe7 30. Qxe7 Nxe7 31. Be3 Kg7 32. a4 Nc6 33. h3 Na5 34. Rc1 Be5 35. Kg1 Kf6 36. Kf2 Rb8 37. Ba7 Rb7 38. Be3 Nxb3 39. Rb1 Na5 40. Rxb7 Nxb7 41. Bd5 Na5 42. Bd2 c6 43. Bf3 Nc4 44. Bxh6 c5 45. Bf8 Bd4+ 46. Ke2 Ke6 47. Bh6 Bc3 48. Bc1 Bb4 49. Bc6 Kd6 50. Bb5 Na3 51. Bf4+ Kd5 52. Be8 c4 53. Bxg6 c3 54. Bc1 Ke5 55. Kd3 f4 56. Bf7 Nb1 57. Bb3 Nd2 58. Bd1 Ne4 59. Bf3 Nc5+ 60. Kc4 Ba3 61. Bxa3 c2 62. Kxc5 1-0


[Site "https://www.chess.com"]

[Event "Titled Tuesday Blitz May 2 Late 2023"]
[White "Rostomyan, Mikayel"]
[Black "Pakleza, Zbigniew"]
[WhiteFideId "13313754"]
[BlackFideId "1119290"]
[WhiteElo "2061"]
[BlackElo "2410"]
[Result "0-1"]
[Round "04"]
[TimeControl "180+2"]
[Date "2023.05.02"]
[WhiteClock "0:00:01"]
[BlackClock "0:00:03"]

1. d4 d6 2. Nf3 Bg4 3. e3 Nf6 4. Be2 e6 5. b3 Be7 6. Bb2 O-O 7. O-O Nbd7 8. c4 c6 9. Nc3 d5 10. Nd2 Bf5 11. Bf3 Bg6 12. e4 Nb6 13. Re1 h6 14. Qe2 Re8 15. Rad1 a5 16. e5 Nfd7 17. Bh5 Nf8 18. Bxg6 Nxg6 19. g3 dxc4 20. Nxc4 Nd5 21. Ne4 a4 22. Ncd6 Bxd6 23. Nxd6 Re7 24. h4 Rd7 25. h5 Nge7 26. Qg4 Rxd6 27. exd6 Qxd6 28. Bc1 Nf5 29. Bf4 Nxf4 30. Qxf4 Qxf4 31. gxf4 axb3 32. axb3 Ra3 33. Rd3 Ra5 34. Re5 Ra1+ 35. Kg2 Kf8 36. b4 Rb1 37. b5 Ke7 38. bxc6 bxc6 39. Ra5 Rb7 40. Kf3 Kd6 41. Ke4 Rb2 42. Kf3 Rb4 43. Ra7 f6 44. Ke4 Rb2 45. Kf3 Rb4 46. Ke4 Rb1 47. Ra6 Rh1 48. Rc3 Ne7 49. Rc5 Re1+ 50. Kf3 Rd1 51. Ke3 Rh1 52. Kf3 f5 53. Ra7 Rxh5 54. Rb7 Rh3+ 55. Ke2 Nd5 56. Rxg7 Nxf4+ 57. Kd2 Rd3+ 58. Kc2 Rxd4 59. Ra5 Nd5 60. Rg6 h5 61. Ra8 Rf4 62. Rh6 Rxf2+ 63. Kd3 Rh2 64. Re8 Nf4+ 65. Ke3 Rh4 66. Kf3 Ke5 67. Kg3 Rg4+ 68. Kf3 h4 69. Ra8 Rg3+ 70. Kf2 Rg2+ 71. Kf3 Rg3+ 72. Kf2 Rh3 73. Ra5+ Nd5 74. Rh8 Rh2+ 75. Kg1 Rh3 76. Ra4 Rg3+ 77. Kh2 Rb3 78. Rhxh4 Rb2+ 79. Kg1 c5 80. Rh6 Nf4 81. Ra5 Rc2 82. Rh8 Nd3 83. Re8 f4 84. Ra6 f3 85. Raxe6+ Kd4 86. Rd6+ Kc3 87. Re3 f2+ 88. Kg2 c4 89. Rf6 Rc1 0-1


[Site "https://www.chess.com"]

[Event "Titled Tuesday Blitz May 2 Late 2023"]
[White "Krishnan, Varun"]
[Black "Krzyzanowski, Marcin"]
[WhiteFideId "5054508"]
[BlackFideId "1132199"]
[WhiteElo "2341"]
[BlackElo "2471"]
[Result "0-1"]
[Round "04"]
[TimeControl "180+2"]
[Date "2023.05.02"]
[WhiteClock "0:00:16"]
[BlackClock "0:00:06"]

1. e4 c5 2. Nf3 Nc6 3. d4 cxd4 4. Nxd4 e5 5. Nb5 d6 6. c4 Be6 7. N1c3 a6 8. Na3 g6 9. Nd5 Bg7 10. Be2 Nf6 11. f3 O-O 12. Nc2 Rc8 13. O-O Nd4 14. Nxd4 exd4 15. Rb1 Nxd5 16. cxd5 Bd7 17. b3 Qb6 18. Kh1 Bb5 19. Bb2 Rc7 20. Bxb5 axb5 21. Qd3 Rfc8 22. Rfd1 Rc3 23. Bxc3 dxc3 24. Qc2 b4 25. Rd3 Be5 26. g3 g5 27. Rf1 h6 28. f4 Bg7 29. e5 dxe5 30. fxe5 Bxe5 31. Rdf3 Rc7 32. Qe4 Qd6 33. R1f2 Re7 34. Qc4 Bg7 35. Rf5 Rc7 36. Qe4 Re7 37. Qc4 Bf8 38. Rf6 Rc7 39. Rxd6 Rxc4 40. bxc4 Bxd6 41. Kg2 Bc5 42. Re2 f5 43. h3 Kf7 44. g4 Kf6 45. Kf3 f4 46. Ke4 b6 47. Rc2 Bd6 48. Re2 Kf7 49. Kd3 Bc5 50. Ke4 Ke7 51. Rc2 Kd6 52. Re2 Be3 53. Rc2 Bd2 54. Kf3 Ke5 55. Kf2 b5 56. cxb5 Kxd5 57. Kf3 Kc5 58. Ke4 Kxb5 59. Kd4 f3 60. Kd3 f2 61. Ke2 Be1 62. Rc1 Ka4 63. Rb1 Ka3 64. Rb3+ Kxa2 65. Rxb4 c2 66. Rc4 Kb2 67. Rxc2+ Kxc2 68. Kf1 Kd3 69. h4 gxh4 70. g5 hxg5 71. Kg2 Ke2 72. Kh2 g4 73. Kg2 h3+ 74. Kh2 g3+ 75. Kxg3 f1=Q+ 76. Kg4 Qf3+ 77. Kg5 Bd2+ 78. Kg6 h2 79. Kg7 h1=Q 80. Kg8 Qhg2+ 81. Kh7 Qfh3# 0-1


[Site "https://www.chess.com"]

[Event "Titled Tuesday Blitz May 2 Late 2023"]
[White "Klukin, Kirill"]
[Black "Mortazavi, Ali"]
[WhiteFideId "24199273"]
[BlackFideId "401323"]
[WhiteElo "2344"]
[BlackElo "2339"]
[Result "0-1"]
[Round "04"]
[TimeControl "180+2"]
[Date "2023.05.02"]
[WhiteClock "0:00:22"]
[BlackClock "0:00:11"]

1. c4 Nf6 2. g3 g6 3. Bg2 Bg7 4. e3 O-O 5. Ne2 d6 6. O-O e5 7. Nbc3 Nbd7 8. d4 Re8 9. b4 h5 10. Bb2 h4 11. c5 hxg3 12. hxg3 exd4 13. exd4 Ng4 14. Nf4 Ndf6 15. Ncd5 c6 16. Nxf6+ Qxf6 17. cxd6 Qxd6 18. Qb3 Bf5 19. d5 Bxb2 20. Qxb2 cxd5 21. Nxd5 Re6 22. Rad1 Qf8 23. Bf3 Ne5 24. Bg2 Ng4 25. Rfe1 Rae8 26. Rxe6 Rxe6 27. Nf4 Re8 28. Bf3 Ne5 29. Be2 Qh6 30. Nd5 Re6 31. Nc7 Be4 32. f3 Qe3+ 33. Kh2 Qf2+ 34. Kh3 Bxf3 35. Rd8+ Kh7 36. Bxf3 Qxb2 37. Nxe6 Nxf3 38. Nf4 Qh2+ 39. Kg4 Ne5+ 40. Kg5 Qxg3+ 41. Kf6 Qxf4+ 42. Ke7 Nc6+ 43. Kf8 Nxd8 0-1


[Site "https://www.chess.com"]

[Event "Titled Tuesday Blitz May 2 Late 2023"]
[White "Szpar, Milosz"]
[Black "Nazaretyan, Tigran"]
[WhiteFideId "1184989"]
[BlackFideId "24162345"]
[WhiteElo "2436"]
[BlackElo "2111"]
[Result "1-0"]
[Round "04"]
[TimeControl "180+2"]
[Date "2023.05.02"]
[WhiteClock "0:00:48"]
[BlackClock "0:00:14"]

1. e4 c5 2. c3 Nf6 3. e5 Nd5 4. d4 cxd4 5. Nf3 Nc6 6. Bc4 Nb6 7. Bb3 d5 8. exd6 Qxd6 9. O-O Be6 10. Na3 Bxb3 11. Qxb3 e6 12. Nb5 Qd7 13. Nbxd4 Nxd4 14. Nxd4 Bc5 15. Rd1 O-O 16. Bf4 Qd5 17. Nb5 Qxb3 18. axb3 a6 19. Nd6 Nd5 20. Bg3 Bxd6 21. Bxd6 Rfd8 22. Bg3 g5 23. Kf1 f5 24. Be5 Kf7 25. Rd4 Ne7 26. Rad1 Rxd4 27. Rxd4 Nc6 28. Rd7+ Ke8 29. Rxh7 Rd8 30. Rh8+ Ke7 31. Rxd8 Nxd8 32. Bc7 Nc6 33. Bb6 g4 34. Ke2 e5 35. b4 Ke6 36. b3 Ne7 37. c4 f4 38. Kd3 Kf5 39. b5 axb5 40. cxb5 Nd5 41. Bc5 e4+ 42. Kc4 Nf6 43. Kd4 Nd7 44. Bd6 f3 45. gxf3 exf3 46. Bg3 b6 47. Kd5 Nc5 48. Kc6 Nxb3 49. Kxb6 Ke6 50. Kc7 Kd5 51. b6 Nc5 52. b7 Nxb7 53. Kxb7 Kc5 54. Kc7 Kd5 55. Kd7 Ke4 56. Ke6 Kd3 57. Kf5 Ke2 58. Kxg4 Kf1 59. Kxf3 Kg1 60. h4 Kh1 61. h5 Kg1 62. h6 Kh1 63. h7 Kg1 64. h8=Q 1-0


[Site "https://www.chess.com"]

[Event "Titled Tuesday Blitz May 2 Late 2023"]
[White "Tanenbaum, Zachary"]
[Black "Ozates, Tuna"]
[WhiteFideId "2060850"]
[BlackFideId "6354521"]
[WhiteElo "2175"]
[BlackElo "2151"]
[Result "1-0"]
[Round "04"]
[TimeControl "180+2"]
[Date "2023.05.02"]
[WhiteClock "0:00:58"]
[BlackClock "0:00:56"]

1. e4 e5 2. Nf3 Nc6 3. Bc4 Bc5 4. c3 Nf6 5. d4 exd4 6. b4 Bd6 7. b5 Ne5 8. Nxe5 Bxe5 9. cxd4 Bd6 10. O-O Nxe4 11. Qh5 Qf6 12. Qe2 Qxd4 13. Bb2 Bxh2+ 14. Kxh2 Qd6+ 15. Kg1 f5 16. Bxg7 b6 17. Qh5+ 1-0


[Site "https://www.chess.com"]

[Event "Titled Tuesday Blitz May 2 Late 2023"]
[White "Mordechai, Hanan"]
[Black "Klimkowski, Jan"]
[WhiteFideId "2804166"]
[BlackFideId "21856222"]
[WhiteElo "2324"]
[BlackElo "2331"]
[Result "0-1"]
[Round "04"]
[TimeControl "180+2"]
[Date "2023.05.02"]
[WhiteClock "0:00:01"]
[BlackClock "0:00:03"]

1. Nf3 Nf6 2. c4 g6 3. g3 Bg7 4. Bg2 O-O 5. O-O c6 6. d4 d5 7. a4 dxc4 8. Na3 Be6 9. Ng5 Bg4 10. h3 Bf5 11. e4 Bd7 12. e5 Nd5 13. Nxc4 Na6 14. Qb3 Qc8 15. Kh2 Nac7 16. Ne3 Nxe3 17. Bxe3 h6 18. Ne4 Be6 19. Qc2 Bd5 20. b4 f5 21. exf6 exf6 22. Rfc1 Rd8 23. b5 f5 24. bxc6 bxc6 25. Nd2 Qe6 26. Bxd5 Nxd5 27. Qxc6 Qe7 28. Nf1 Rac8 29. Qxc8 Rxc8 30. Rxc8+ Kh7 31. Rc5 Qe4 32. Nd2 Qe6 33. Nc4 Bf8 34. Rb5 Nc7 35. Rb7 Qc8 36. Rab1 Kg8 37. Bf4 Ne6 38. Rb8 Qxc4 39. Bxh6 Qxd4 40. Kg1 Qxa4 41. R1b7 a5 42. Ra7 Qa1+ 43. Kg2 Qe5 44. Raa8 Qe4+ 45. Kg1 Qe1+ 46. Kg2 Qe4+ 47. Kg1 f4 48. Bxf8 Qe1+ 49. Kg2 Qe4+ 50. Kg1 f3 51. Bc5+ Kf7 52. Ra7+ Kf6 53. Ra6 Qe1+ 54. Kh2 Qf1 55. Rf8+ Ke5 56. Rxe6+ Kxe6 57. Rxf3 Kd5 58. Ba3 Ke4 59. Re3+ Kd4 60. Rf3 Qd1 61. Kg2 Kc4 62. h4 Qd5 63. Bf8 Qe4 64. Ba3 Kd5 65. Bf8 Kc6 66. Ba3 a4 67. Bf8 Qd5 68. Ba3 Kd7 69. Bf8 Qe4 70. Ba3 Ke6 71. Bf8 Ke5 72. Ba3 Qg4 73. Re3+ Kd4 74. Bb2+ Kc4 75. Ba3 Qc8 76. Be7 Qb7+ 77. Kg1 Qb1+ 78. Kg2 Qb7+ 79. Kg1 Kd4 80. Bf6+ Kd5 81. Be7 Qc6 82. Ba3 Qc2 83. Kg2 Qa2 84. g4 Qc4 85. Kg3 Kc6 86. h5 gxh5 87. gxh5 Qg8+ 88. Kh4 Kd5 89. Be7 Qg1 90. h6 Qxf2+ 91. Rg3 Qh2+ 92. Kg4 Qxh6 93. Bg5 Qe6+ 94. Kh4 Qe4+ 95. Rg4 Qh7+ 96. Kg3 a3 97. Bc1 a2 98. Bb2 Qd3+ 99. Kh4 Qe2 100. Bg7 Qh2+ 101. Kg5 Qd2+ 102. Kg6 Qc2+ 103. Kh6 Qd1 104. Rg5+ Ke6 105. Kg6 a1=Q 106. Bxa1 Qxa1 107. Kh6 Qc1 108. Kh5 Qd2 109. Rg6+ Kf5 110. Rg4 Qh2+ 111. Rh4 Qg2 112. Rf4+ Kxf4 113. Kh6 Kf5 0-1


[Site "https://www.chess.com"]

[Event "Titled Tuesday Blitz May 2 Late 2023"]
[White "Karamsetty, Jeevan"]
[Black "Timmermans, Mark"]
[WhiteFideId "2025337"]
[BlackFideId "1026399"]
[WhiteElo "2111"]
[BlackElo "2460"]
[Result "0-1"]
[Round "04"]
[TimeControl "180+2"]
[Date "2023.05.02"]
[WhiteClock "0:00:02"]
[BlackClock "0:00:29"]

1. e4 e5 2. Nf3 Nc6 3. d4 exd4 4. Bc4 Nf6 5. O-O Nxe4 6. Re1 d5 7. Bxd5 Qxd5 8. Nc3 Qa5 9. Nxe4 Be6 10. Neg5 O-O-O 11. Nxe6 fxe6 12. Rxe6 Bd6 13. Bg5 Rdf8 14. Bh4 Qd5 15. Qe2 h6 16. Rd1 Qxa2 17. b3 g5 18. Bg3 Bxg3 19. hxg3 Rd8 20. Qc4 Na5 21. Qc5 b6 22. Qf5 Kb8 23. Ne5 Qa3 24. Qe4 Qc5 25. Ra1 Qd5 26. Qf5 Rhf8 27. Rf6 Rxf6 28. Qxf6 Rd6 29. Qh8+ Kb7 30. Nd3 Nc6 31. Qe8 a5 32. Qe1 Re6 33. Qb1 Qb5 34. Qb2 Re2 35. Rd1 Qf5 36. Qc1 Nb4 37. Nxb4 Qxf2+ 0-1


[Site "https://www.chess.com"]

[Event "Titled Tuesday Blitz May 2 Late 2023"]
[White "Kavutskiy, Konstantin"]
[Black "Mgeladze, Tamaz"]
[WhiteFideId "2026384"]
[BlackFideId "13601202"]
[WhiteElo "2323"]
[BlackElo "2288"]
[Result "1/2-1/2"]
[Round "04"]
[TimeControl "180+2"]
[Date "2023.05.02"]
[WhiteClock "0:00:06"]
[BlackClock "0:00:12"]

1. d4 Nf6 2. c4 g6 3. Nc3 Bg7 4. e4 O-O 5. h3 d6 6. Be3 e5 7. d5 a5 8. g4 Na6 9. Nge2 Nd7 10. Ng3 Ndc5 11. Qd2 c6 12. Be2 cxd5 13. cxd5 a4 14. h4 f5 15. gxf5 gxf5 16. exf5 Bxf5 17. Nxf5 Rxf5 18. Bg4 Rf8 19. O-O-O Kh8 20. Kb1 a3 21. b3 e4 22. Bd4 Bxd4 23. Qxd4+ Qf6 24. Qxf6+ Rxf6 25. Rhf1 Raf8 26. Nb5 Nb4 27. Nxa3 Rxf2 28. Rxf2 Rxf2 29. Nc4 Nxa2 30. Rd2 e3 31. Rxa2 Rf4 32. Be2 Nxb3 33. Nxd6 Rf2 34. Ne4 Rh2 35. Rb2 Nd4 36. Nc3 Kg7 37. Rxb7+ Kf6 38. Rb2 Ke5 39. Ka2 Rxh4 40. Ka3 Rh2 41. Kb4 h5 42. Kc4 Nf5 43. Kd3 h4 44. Rb4 Rh1 45. Re4+ Kf6 46. Re6+ Kg5 47. Re8 h3 48. Ne4+ Kf4 49. Rf8 h2 50. Nd6 Rd1+ 51. Bxd1 h1=Q 52. Rxf5+ Kg3 53. Rf3+ Kh4 54. Kxe3 Qxd1 55. Rf4+ Kg5 56. Ne4+ Kg6 57. d6 Qc1+ 58. Kf3 Qd1+ 59. Ke3 Qd5 60. Rf2 Qb3+ 61. Kf4 Qf7+ 62. Ke5 Qe8+ 63. Kd5 Qa8+ 64. Ke5 Qa5+ 65. Kd4 Qb6+ 66. Ke5 Qb5+ 67. Ke6 Qe8+ 68. Kd5 Qb5+ 69. Ke6 Qc4+ 70. Ke5 Qb5+ 71. Ke6 1/2-1/2


[Site "https://www.chess.com"]

[Event "Titled Tuesday Blitz May 2 Late 2023"]
[White "Molenda, Marcin"]
[Black "Averjanov, Alexey"]
[WhiteFideId "1173065"]
[BlackFideId "14109867"]
[WhiteElo "2286"]
[BlackElo "2399"]
[Result "1/2-1/2"]
[Round "04"]
[TimeControl "180+2"]
[Date "2023.05.02"]
[WhiteClock "0:00:04"]
[BlackClock "0:00:22"]

1. e4 c6 2. Nc3 d5 3. Nf3 Bg4 4. h3 Bxf3 5. Qxf3 e6 6. g3 dxe4 7. Nxe4 Nd7 8. Bg2 Ngf6 9. d4 Nxe4 10. Qxe4 Nf6 11. Qd3 Be7 12. O-O O-O 13. b3 a5 14. Bb2 a4 15. c4 axb3 16. axb3 Qb6 17. Rxa8 Rxa8 18. Ra1 Rxa1+ 19. Bxa1 Qa5 20. Qc3 Bb4 21. Qb2 Ba3 22. Qa2 Bb4 23. Qxa5 Bxa5 24. Kf1 Kf8 25. Ke2 Ke7 26. Kd3 Kd6 27. Bb2 Bb4 28. Bc1 Kd7 29. g4 h6 30. f4 Ne8 31. g5 hxg5 32. fxg5 g6 33. d5 Nd6 34. dxc6+ bxc6 35. Be3 c5 36. Bf2 Nf5 37. Bf3 Kd6 38. Ke4 Bd2 39. h4 Bc3 40. h5 gxh5 41. Bxh5 Bd4 42. Be1 Ke7 43. Bg4 Nd6+ 44. Kd3 Bg1 45. b4 cxb4 46. Bxb4 Kd7 47. c5 Ne8 48. Bf3 Bh2 49. Bh5 Bf4 50. Bxf7 Bxg5 51. c6+ Kd8 52. Bxe6 Nc7 53. Ba5 Be7 54. Kc4 Bd6 55. Bd7 Ke7 56. Be1 Be5 57. Kc5 Bd6+ 58. Kb6 Nd5+ 59. Kb7 Nf6 60. Bf5 Nd5 61. Bh4+ Ke8 62. Be6 Nc7 63. Bd7+ Kf7 64. Bd8 Nd5 65. Bg4 Ne7 66. Ba5 Nd5 67. Bd2 Ke7 68. Bg5+ Nf6 69. Kc8 Kf7 70. Bf5 Nd5 71. Be4 Nf6 72. Bf5 Nd5 73. Bb1 Ne7+ 74. Kd7 Nxc6 75. Kxd6 Nd4 1/2-1/2


[Site "https://www.chess.com"]